NYP
EVERETT AQUASOX @ MAHONING VALLEY SCRAPPERS
07/09/2044
 
TOP OF THE 1ST
Everett AquaSox batting - Pitching for Mahoning Valley Scrappers : RHP Paul Lewis
Pitching: RHP Paul Lewis
Batting: SHB Raghnall Ahearne 0-0: Ball
1-0: Ball
2-0: Ball
3-0: Called Strike
3-1: Foul Ball, location: 2F
3-2: Strikes out swinging
Batting: LHB Kenny Gerrity 0-0: Ball
1-0: Called Strike
1-1: Ground out U3 (Groundball, 34, EV 102.5 MPH)
Batting: RHB John Peterson 0-0: Swinging Strike
0-1: Ball
1-1: Ball
2-1: Foul Ball, location: 2F
2-2: Strikes out swinging
Top of the 1st over - 0 runs, 0 hits, 0 errors, 0 left on base; Everett 0 - Mahoning Valley 0
BOTTOM OF THE 1ST
Mahoning Valley Scrappers batting - Pitching for Everett AquaSox : LHP Sanjog Veera
Pitching: LHP Sanjog Veera
Batting: LHB John Harring 0-0: Fly out, F2 (Popup, 15S, EV 90.6 MPH)
Batting: RHB Jeremy Givens 0-0: Called Strike
0-1: Ball
1-1: Foul Ball, location: 2F
1-2: SINGLE (Flyball, 56D, EV 88.8 MPH)
Batting: RHB Ryan Gautney 0-0: Ball
1-0: Ball
2-0: Ball
3-0: Called Strike
3-1: Fly out, F8 (Line Drive, 8RD, EV 90.6 MPH)
Batting: SHB Joe Zeiset 0-0: Called Strike
0-1: Called Strike
0-2: Ball
1-2: Strikes out looking
Bottom of the 1st over - 0 runs, 1 hit, 0 errors, 1 left on base; Everett 0 - Mahoning Valley 0
TOP OF THE 2ND
Everett AquaSox batting - Pitching for Mahoning Valley Scrappers : RHP Paul Lewis
Batting: RHB Robby Cuellar 0-0: Called Strike
0-1: Fly out, F8 (Flyball, 8RS, EV 78.1 MPH)
Batting: RHB Justin Colella 0-0: Ball
1-0: Foul Ball, location: 2F
1-1: Ball
2-1: Ball
3-1: Foul Ball, location: 2F
3-2: Base on Balls
Batting: LHB Omar Colunga 0-0: Ball
1-0: SINGLE (Groundball, 56S, EV 69.4 MPH) (infield hit)
Justin Colella to second
Batting: SHB Detlef Oursler 0-0: Foul Ball, location: 2F
0-1: Ball
1-1: Fielders Choice at 2nd, 6-4 (Groundball, 6, EV 86.9 MPH)
Justin Colella to third
Batting: RHB Clay Statum 0-0: Ball
1-0: Ball
2-0: Fielders Choice at 2nd, 5-4 (Groundball, 5, EV 100.6 MPH)
Top of the 2nd over - 0 runs, 1 hit, 0 errors, 2 left on base; Everett 0 - Mahoning Valley 0
BOTTOM OF THE 2ND
Mahoning Valley Scrappers batting - Pitching for Everett AquaSox : LHP Sanjog Veera
Batting: LHB Devon Grant 0-0: Called Strike
0-1: Ball
1-1: Called Strike
1-2: Foul Ball, location: 2F
1-2: Ball
2-2: Reached via error on a dropped throw from SS, E3 (Groundball, 6, EV 103.1 MPH)
Batting: RHB Andy Lewis 0-0: Foul Ball, location: 2F
0-1: Grounds into double play, 5-4-3 (Groundball, 5, EV 105.6 MPH)
Batting: RHB Blake Kelly 0-0: Ball
1-0: Ball
2-0: Ball
3-0: Called Strike
3-1: Base on Balls
Batting: RHB Gashie Chimsima 0-0: SINGLE (Groundball, 6M, EV 97.5 MPH)
Blake Kelly to second
Batting: RHB Willie Gonzales 0-0: Ball
1-0: Called Strike
1-1: Ball
2-1: Ball
Wild Pitch!
Blake Kelly to third
Gashie Chimsima to second
3-1: Called Strike
3-2: Foul Ball, location: 2F
3-2: Base on Balls
Batting: LHB John Harring 0-0: Called Strike
0-1: Foul Ball, location: 2F
0-2: Ball
1-2: Ball
2-2: Ball
3-2: Fly out, F7 (Flyball, 7LS, EV 90.0 MPH)
Bottom of the 2nd over - 0 runs, 1 hit, 1 error, 3 left on base; Everett 0 - Mahoning Valley 0
TOP OF THE 3RD
Everett AquaSox batting - Pitching for Mahoning Valley Scrappers : RHP Paul Lewis
Batting: RHB Chris Van Niel 0-0: Ball
1-0: Ground out 5-3 (Groundball, 5S, EV 73.1 MPH)
Batting: SHB Raghnall Ahearne 0-0: Swinging Strike
0-1: Foul Ball, location: 2F
0-2: Strikes out swinging
Batting: LHB Kenny Gerrity 0-0: TRIPLE (Line Drive, 89XD, EV 110.0 MPH)
Batting: RHB John Peterson 0-0: Called Strike
0-1: Swinging Strike
0-2: Foul Ball, location: 2F
0-2: Ball
1-2: Foul Ball, location: 2F
1-2: Ball
2-2: Ball
3-2: Base on Balls
Batting: RHB Robby Cuellar 0-0: Called Strike
0-1: Ball
1-1: Foul Ball, location: 2F
1-2: Ball
2-2: Strikes out swinging
Top of the 3rd over - 0 runs, 1 hit, 0 errors, 2 left on base; Everett 0 - Mahoning Valley 0
BOTTOM OF THE 3RD
Mahoning Valley Scrappers batting - Pitching for Everett AquaSox : LHP Sanjog Veera
Batting: RHB Jeremy Givens 0-0: Swinging Strike
0-1: DOUBLE (Groundball, 5L, EV 96.9 MPH)
Batting: RHB Ryan Gautney 0-0: Foul Ball, location: 2F
0-1: Swinging Strike
0-2: Ball
1-2: SINGLE (Groundball, 4MD, EV 107.5 MPH)
Jeremy Givens to third
Runner from 3rd tries for Home, SAFE, throw by CF to home
Batting: SHB Joe Zeiset 0-0: Ball
1-0: Called Strike
1-1: Fielders Choice at 2nd, 6-4 (Groundball, 56, EV 86.3 MPH)
Batting: LHB Devon Grant 0-0: Foul Ball, location: 2F
0-1: Fly out, F8 (Flyball, 8RD, EV 105.0 MPH)
Batting: RHB Andy Lewis 0-0: Ball
1-0: SINGLE (Line Drive, 56D, EV 99.4 MPH)
Joe Zeiset to second
Batting: RHB Blake Kelly 0-0: Ball
1-0: Foul Ball, location: 2F
1-1: Ball
2-1: Fly out, F9 (Line Drive, 9, EV 86.3 MPH)
Bottom of the 3rd over - 1 run, 3 hits, 0 errors, 2 left on base; Everett 0 - Mahoning Valley 1
TOP OF THE 4TH
Everett AquaSox batting - Pitching for Mahoning Valley Scrappers : RHP Paul Lewis
Batting: RHB Justin Colella 0-0: Foul Ball, location: 2F
0-1: Fly out, F9 (Flyball, 9S, EV 90.0 MPH)
Batting: LHB Omar Colunga 0-0: Called Strike
0-1: SINGLE (Groundball, 34D, EV 103.1 MPH)
Batting: SHB Detlef Oursler 0-0: Called Strike
0-1: Foul Ball, location: 2F
0-2: Fielders Choice at 2nd, 1-6 (Groundball, 13S, EV 65.6 MPH)
Batting: RHB Clay Statum 0-0: Called Strike
Detlef Oursler steals 2nd base
0-1: SINGLE (Groundball, 34D, EV 106.9 MPH)
Detlef Oursler to third
Runner from 3rd tries for Home, SAFE, throw by RF to home
Batting: RHB Chris Van Niel 0-0: Ground out 5-3 (Groundball, 56, EV 98.8 MPH)
Top of the 4th over - 1 run, 2 hits, 0 errors, 1 left on base; Everett 1 - Mahoning Valley 1
BOTTOM OF THE 4TH
Mahoning Valley Scrappers batting - Pitching for Everett AquaSox : LHP Sanjog Veera
Batting: RHB Gashie Chimsima 0-0: Ground out 4-3 (Groundball, 4, EV 93.8 MPH)
Batting: RHB Willie Gonzales 0-0: Ball
1-0: Called Strike
1-1: Called Strike
1-2: Strikes out swinging
Batting: LHB John Harring 0-0: Called Strike
0-1: Called Strike
0-2: Ball
1-2: Ground out U3 (Groundball, 34S, EV 90.6 MPH)
Bottom of the 4th over - 0 runs, 0 hits, 0 errors, 0 left on base; Everett 1 - Mahoning Valley 1
TOP OF THE 5TH
Everett AquaSox batting - Pitching for Mahoning Valley Scrappers : RHP Paul Lewis
Batting: SHB Raghnall Ahearne 0-0: Called Strike
0-1: Swinging Strike
0-2: Ball
1-2: Strikes out swinging
Batting: LHB Kenny Gerrity 0-0: Called Strike
0-1: Ball
1-1: Ball
2-1: Ball
3-1: Fly out, F5 (Popup, 5S, EV 76.3 MPH)
Batting: RHB John Peterson 0-0: Called Strike
0-1: Ball
1-1: Foul Ball, location: 2F
1-2: Fly out, F5 (Popup, 5S, EV 78.8 MPH)
Top of the 5th over - 0 runs, 0 hits, 0 errors, 0 left on base; Everett 1 - Mahoning Valley 1
BOTTOM OF THE 5TH
Mahoning Valley Scrappers batting - Pitching for Everett AquaSox : LHP Sanjog Veera
Batting: RHB Jeremy Givens 0-0: Ball
1-0: Foul Ball, location: 2F
1-1: Foul Ball, location: 2F
1-2: Ground out 5-3 (Groundball, 5, EV 105.6 MPH)
Batting: RHB Ryan Gautney 0-0: Ball
1-0: Ball
2-0: Ball
3-0: Called Strike
3-1: Ground out 6-3 (Groundball, 6MD, EV 90.0 MPH)
Batting: SHB Joe Zeiset 0-0: Ground out 5-3 (Groundball, 56S, EV 84.4 MPH)
Bottom of the 5th over - 0 runs, 0 hits, 0 errors, 0 left on base; Everett 1 - Mahoning Valley 1
TOP OF THE 6TH
Everett AquaSox batting - Pitching for Mahoning Valley Scrappers : RHP Paul Lewis
Batting: RHB Robby Cuellar 0-0: Ball
1-0: Called Strike
1-1: Ball
2-1: Ball
3-1: Swinging Strike
3-2: SINGLE (Groundball, 34D, EV 96.9 MPH)
Pitching: LHP J.J. Adkins
Batting: RHB Justin Colella 0-0: Ball
1-0: Called Strike
1-1: Fly out, F7 (Flyball, 78S, EV 73.8 MPH)
Batting: LHB Omar Colunga 0-0: Foul Ball, location: 2F
0-1: Swinging Strike
0-2: Ball
Wild Pitch!
Robby Cuellar to second
1-2: Ball
2-2: Ball
3-2: Ground out U3 (Groundball, 3, EV 91.3 MPH)
Robby Cuellar to third
Batting: SHB Detlef Oursler 0-0: Ball
1-0: Ball
2-0: Ground out 6-3 (Groundball, 6, EV 102.5 MPH)
Top of the 6th over - 0 runs, 1 hit, 0 errors, 1 left on base; Everett 1 - Mahoning Valley 1
BOTTOM OF THE 6TH
Mahoning Valley Scrappers batting - Pitching for Everett AquaSox : LHP Sanjog Veera
Batting: LHB Devon Grant 0-0: SINGLE (Line Drive, 78S, EV 107.5 MPH)
Batting: RHB Andy Lewis 0-0: Ball
1-0: Called Strike
1-1: 2-RUN HOME RUN (Flyball, 9D, EV 96.3 MPH), Distance : 376 ft
Batting: RHB Blake Kelly 0-0: Ball
1-0: Ball
2-0: Ball
3-0: Called Strike
3-1: Foul Ball, location: 2F
3-2: Base on Balls
Batting: RHB Gashie Chimsima 0-0: Swinging Strike
0-1: Ball
1-1: Ball
2-1: Called Strike
2-2: Ground out 6-3 (Groundball, 6S, EV 73.1 MPH)
Blake Kelly to second
Batting: RHB Willie Gonzales 0-0: Ball
1-0: Swinging Strike
1-1: Called Strike
1-2: Foul Ball, location: 2F
1-2: SINGLE (Groundball, 4S, EV 68.8 MPH) (infield hit)
Blake Kelly to third
Batting: LHB John Harring 0-0: Called Strike
0-1: Foul Ball, location: 2F
0-2: Ball
1-2: Foul Ball, location: 2F
1-2: Strikes out swinging
Pitching: RHP Jason Childress
Batting: RHB Jeremy Givens 0-0: DOUBLE (Line Drive, 8LD, EV 111.9 MPH)
Blake Kelly scores
Willie Gonzales to third
Batting: RHB Ryan Gautney 0-0: Called Strike
0-1: Ball
1-1: Swinging Strike
1-2: Strikes out swinging
Bottom of the 6th over - 3 runs, 4 hits, 0 errors, 2 left on base; Everett 1 - Mahoning Valley 4
TOP OF THE 7TH
Everett AquaSox batting - Pitching for Mahoning Valley Scrappers : LHP J.J. Adkins
Pitching: LHP Victor Garcia
Batting: RHB Clay Statum 0-0: Ball
1-0: Fly out, F9 (Flyball, 9S, EV 76.9 MPH)
Batting: RHB Chris Van Niel 0-0: Hit by Pitch
Batting: SHB Raghnall Ahearne 0-0: Ball
1-0: Called Strike
1-1: Foul Ball, location: 2F
1-2: Strikes out looking
Batting: LHB Kenny Gerrity 0-0: Ball
1-0: Foul Ball, location: 2F
1-1: Ball
2-1: Ball
3-1: Foul Ball, location: 2F
3-2: Ground out 4-3 (Groundball, 4, EV 78.8 MPH)
Top of the 7th over - 0 runs, 0 hits, 0 errors, 1 left on base; Everett 1 - Mahoning Valley 4
BOTTOM OF THE 7TH
Mahoning Valley Scrappers batting - Pitching for Everett AquaSox : RHP Jason Childress
Batting: SHB Joe Zeiset 0-0: Swinging Strike
0-1: Ball
1-1: Swinging Strike
1-2: Ball
2-2: Fly out, F7 (Flyball, 7D, EV 109.4 MPH)
Batting: LHB Devon Grant 0-0: Called Strike
0-1: Ball
1-1: Foul Ball, location: 2F
1-2: Foul Ball, location: 2F
1-2: Strikes out swinging
Batting: RHB Andy Lewis 0-0: Called Strike
0-1: Called Strike
0-2: Ball
1-2: Foul Ball, location: 2F
1-2: Strikes out swinging
Bottom of the 7th over - 0 runs, 0 hits, 0 errors, 0 left on base; Everett 1 - Mahoning Valley 4
TOP OF THE 8TH
Everett AquaSox batting - Pitching for Mahoning Valley Scrappers : LHP Victor Garcia
Pitching: RHP Mario del Rio
Batting: RHB John Peterson 0-0: Ball
1-0: Fly out, F4 (Flyball, 4D, EV 90.6 MPH)
Batting: RHB Robby Cuellar 0-0: Ball
1-0: Foul Ball, location: 2F
1-1: Ball
2-1: Ball
3-1: Base on Balls
Batting: RHB Justin Colella 0-0: Called Strike
0-1: Swinging Strike
0-2: Ball
1-2: Ball
2-2: Ball
3-2: Strikes out swinging
Batting: LHB Omar Colunga 0-0: Called Strike
0-1: Called Strike
0-2: SINGLE (Groundball, 4M, EV 96.3 MPH)
Robby Cuellar to second
Batting: SHB Detlef Oursler 0-0: Called Strike
0-1: Called Strike
0-2: Foul Ball, location: 2F
0-2: Foul Ball, location: 2F
0-2: Ball
1-2: Fielders Choice at 2nd, 6-4 (Groundball, 6, EV 84.4 MPH)
Top of the 8th over - 0 runs, 1 hit, 0 errors, 2 left on base; Everett 1 - Mahoning Valley 4
BOTTOM OF THE 8TH
Mahoning Valley Scrappers batting - Pitching for Everett AquaSox : RHP Jason Childress
Batting: RHB Blake Kelly 0-0: SINGLE (Groundball, 5S, EV 70.6 MPH) (infield hit)
Batting: RHB Gashie Chimsima 0-0: Called Strike
0-1: Foul Ball, location: 2F
0-2: Foul Ball, location: 2F
0-2: Foul Ball, location: 2F
0-2: Strikes out looking
Batting: RHB Willie Gonzales 0-0: Called Strike
0-1: Foul Ball, location: 2F
0-2: Strikes out swinging
Batting: LHB John Harring 0-0: Called Strike
0-1: DOUBLE (Line Drive, 9LM, EV 110.0 MPH)
Blake Kelly to third
Batting: RHB Jeremy Givens 0-0: Ground out 5-3 (Groundball, 56S, EV 88.1 MPH)
Bottom of the 8th over - 0 runs, 2 hits, 0 errors, 2 left on base; Everett 1 - Mahoning Valley 4
TOP OF THE 9TH
Everett AquaSox batting - Pitching for Mahoning Valley Scrappers : RHP Mario del Rio
Pitching: RHP Chris DeVall
Batting: RHB Clay Statum 0-0: Ball
1-0: Ball
2-0: SINGLE (Line Drive, 7LM, EV 101.9 MPH)
Batting: RHB Chris Van Niel 0-0: Ball
1-0: Ball
2-0: Called Strike
2-1: Ball
3-1: Called Strike
3-2: Fielders Choice at 2nd, 1-6 (Groundball, 13S, EV 68.1 MPH)
Batting: SHB Raghnall Ahearne 0-0: Ball
1-0: Ball
2-0: Foul Ball, location: 2F
2-1: Grounds into double play, 4-6-3 (Groundball, 4, EV 85.6 MPH)
Top of the 9th over - 0 runs, 1 hit, 0 errors, 0 left on base; Everett 1 - Mahoning Valley 4
Thursday, March 31st , 2022 - OOTP Baseball 22.12 Build 89